 Dungeon Crawl Stone Soup version 0.21.1-1-g345015f (webtiles) character file.

59 inc the Conjurer (level 3, 14/14 HPs)
             Began as a Felid Wizard on Feb 27, 2018.
             Was an Initiate of Sif Muna.
             Quit the game on level 4 of the Dungeon.
             The game lasted 00:04:22 (2301 turns).

inc the Conjurer (Felid Wizard)                     Turns: 2301, Time: 00:04:23

Health: 14/14      AC:  1    Str:  3    XL:     3   Next: 78%
Magic:  8/8        EV: 17    Int: 20    God:    Sif Muna [......]
Gold:   104        SH:  0    Dex: 14    Spells: 2/8 levels left
                                        Lives:  0   Deaths: 1

rFire    . . .     SeeInvis +   (weapon unavailable)
rCold    . . .     Gourm    .   (shield unavailable)
rNeg     . . .     Faith    .   (armour unavailable)
rPois    .         Spirit   .   (helmet unavailable)
rElec    .         Reflect  .   (cloak unavailable)
rCorr    .         Harm     .   (gloves unavailable)
MR       .....                  (boots unavailable)
Stlth    ++++......             (no amulet)
HPRegen  0.04/turn              e - ring of stealth
MPRegen  0.11/turn              (no ring)

@: quick
A: very small, no armour, no weapons or thrown items, stealth, claws 1, fangs 3,
see invisible, carnivore, speed 1, shaggy fur 1, slow metabolism 1, sharp paws
a: Renounce Religion


You were on level 4 of the Dungeon.
You worshipped Sif Muna.
Sif Muna was noncommittal.
You were not hungry.

You visited 1 branch of the dungeon, and saw 4 of its levels.

You collected 104 gold pieces.

Inventory:

Jewellery
 e - a ring of stealth (left paw)
 j - an uncursed amulet of rage {unknown}
 l - an uncursed amulet of rage {unknown}
Wands
 n - a wand of acid (7)
Scrolls
 c - a scroll of amnesia {unknown}
 d - 5 scrolls of identify {unknown}
 f - a scroll of teleportation {unknown}
 h - a scroll of remove curse {unknown}
 m - a scroll of blinking {unknown}
 p - a scroll of magic mapping {unknown}
Potions
 g - a potion of degeneration {unknown}
 i - a potion of agility {unknown}
 k - a potion of haste {unknown}
 o - a potion of experience {unknown}
Books
 a - a book of Minor Magic

   Spells                             Type                      Level
   a - Magic Dart                     Conjuration                  1
   b - Blink                          Translocation                2
   c - Call Imp                       Summoning                    2
   d - Slow                           Hexes                        2
   e - Conjure Flame                  Conjuration/Fire             3
   f - Mephitic Cloud                 Conjuration/Poison/Air       3
Comestibles
 b - 6 rations


   Skills:
 - Level 2.6 Dodging
 - Level 2.6 Stealth
 - Level 3.0 Spellcasting
 + Level 3.8 Conjurations
 + Level 2.1 Summonings
   Level 1.5 Translocations


You had 2 spell levels left.
You knew the following spells:

 Your Spells              Type           Power        Failure   Level  Hunger
a - Magic Dart            Conj           ###.         3%          1    None
b - Call Imp              Summ           ##......     9%          2    ##.....
c - Mephitic Cloud        Conj/Pois/Air  #.......     26%         3    ###....


Dungeon Overview and Level Annotations

Branches:
Dungeon (4/15)
 Temple: D:4-7

Altars:
Dithmenos
Sif Muna

Annotations:
D:3 soepske's ghost, amateur KoAK


Innate Abilities, Weirdness & Mutations

You cannot wear armour.
You are incapable of wielding weapons or throwing items.
Your paws allow you to move quietly. (Stealth)
You have sharp claws.
You have razor-sharp teeth.
You have supernaturally acute eyesight. (SInv)
You are carnivorous and can eat meat at any time.
You cover ground quickly.
You are covered in fur. (AC +1)
You have a slow metabolism.
Your sharp claws are effective at attacking unaware monsters.


Message History

This raw flesh tastes great.
You hear the slow hiss of a very distant avalanche of sand.
You see here a giant cockroach corpse.
Found a scroll labeled IZIELI VUUJEFEDA.
p - a scroll labeled IZIELI VUUJEFEDA A phantom comes into view.
The phantom blinks!
Found an escape hatch in the floor.
Found a dagger.
You hear the slow hiss of a very distant avalanche of sand.
An iguana comes into view.
Found a scroll labeled ITSUUXZ OZXIN.
An ogre comes into view. It is wielding a giant club.
The ogre shouts!
The ogre hits you with a giant club!!
Ouch! That really hurt!
You die...
You are now level 3!
You rejoin the land of the living...
Are you sure you want to abandon this character and quit the game? (Confirm with "yes".)

### ..#
#.# #.#
#@#
#.....#
#####.#
#.# #.#
#.# #.#
#.#


There were no monsters in sight!

Vanquished Creatures
  An orc wizard (D:2)
  A worker ant (D:4)
  A gnoll (D:1)
  An adder (D:2)
  An ooze (D:1)
  2 leopard geckos
  6 bats
  3 giant cockroaches
  4 hobgoblins
  7 jackals
  4 kobolds
  A ball python (D:2)
  5 frilled lizards
  3 goblins (D:1)
  7 rats
47 creatures vanquished.

Notes
Turn   | Place    | Note
-------+----------+-------------------------------------------
     0 | D:1      | inc the Felid Wizard began the quest for the Orb.
     0 | D:1      | Reached XP level 1. HP: 7/7 MP: 5/5
    13 | D:1      | Reached skill level 1 in Conjurations
   285 | D:1      | Reached XP level 2. HP: 11/11 MP: 0/7
   619 | D:1      | Reached XP level 3. HP: 10/14 MP: 1/8
  1137 | D:2      | Found a shadowy altar of Dithmenos.
  1396 | D:2      | Found a deep blue altar of Sif Muna.
  1399 | D:2      | Became a worshipper of Sif Muna the Loreminder
  1508 | D:2      | Learned a level 2 spell: Call Imp
  1515 | D:2      | Learned a level 3 spell: Mephitic Cloud
  1680 | D:2      | Reached XP level 4. HP: 15/18 MP: 2/9
  2110 | D:3      | Noticed soepske's ghost (amateur KoAK)
  2251 | D:4      | Noticed a phantom
  2297 | D:4      | Noticed an ogre
  2300 | D:4      | Slain by an ogre
  2301 | D:4      | Reached XP level 3. HP: -4/14 MP: 8/8
  2301 | D:4      | Quit the game

Skill      XL: |  1  2  3  4 |
---------------+-------------+-----
Conjurations   | 1 2 3 |  3.8
Summonings     | 2 |  2.1
Dodging        | |  2.6
Stealth        | |  2.6
Spellcasting   | |  3.0
Translocations | |  1.5

Action                   |  1- 3 |  4- 6 || total
-------------------------+-------+-------++-------
Melee: Unarmed           |     1 |       ||     1
 Cast: Magic Dart        |    92 |    30 ||   122
       Call Imp          |     2 |       ||     2
  Eat: Chunk             |     1 |     3 ||     4
Armor: Skin              |       |     1 ||     1
Dodge: Dodged            |    27 |     2 ||    29
